 Dungeon Crawl Stone Soup version 0.14.1 (webtiles) character file.

1112 Kae the Martial Artist (level 7, -3/52 HPs)
             Began as a Purple Draconian Transmuter on May 1, 2014.
             Slain by Prince Ribbit (18 damage)
             ... on Level 6 of the Dungeon.
             The game lasted 00:13:02 (7104 turns).

Kae the Martial Artist (DrTm)                       Turns: 7104, Time: 00:13:03

HP  -3/52        AC  2     Str 13      XL: 7   Next: 90%
MP  10/12        EV 19     Int 13      God:
Gold 158         SH  0     Dex 18      Spells:  3 memorised,  4 levels left

rFire  . . .     SeeInvis .     j - melded +4,+1 flail (protect)
rCold  . . .     Clarity  .     (armour unavailable)
rNeg   . . .     Conserve .     (shield currently unavailable)
rPois  x         rCorr    .     (helmet currently unavailable)
rElec  .         rRot     .     (cloak currently unavailable)
SustAb . .       Spirit   .     (gloves currently unavailable)
rMut   .         Warding  .     (boots currently unavailable)
Saprov . . .     Stasis   .     x - amulet of faith
MR     +....                    (no ring)
                                (no ring)

@: spider-form (expiring), quick, somewhat resistant to hostile enchantments,
unstealthy
A: (breathe power), unfitting armour, AC +6
a: End Transformation


You were on level 6 of the Dungeon.
You were not hungry.
You were in spider-form.
You visited 1 branch of the dungeon, and saw 6 of its levels.

You collected 158 gold pieces.

Inventory:

Hand weapons
 j - a +4,+1 flail of protection (melded)
 o - a +2,+2 falchion of protection
Missiles
 b - 12 arrows
 e - 8 tomahawks
 y - 7 darts (quivered)
Magical devices
 c - a wand of magic darts (0)
Comestibles
 a - 3 bread rations
 p - an apple
Scrolls
 g - 7 scrolls of identify
 h - a scroll of recharging
Jewellery
 n - an uncursed ring of positive energy {unknown}
 x - an amulet of faith (around neck)
Potions
 f - a potion of heal wounds
 i - a potion of restore abilities
 l - a potion of flight
 m - a potion of brilliance {unknown}
 r - a potion of curing
 w - 2 potions of magic
Books
 d - a book of Changes

   Spells                             Type                      Level
   *Beastly Appendage                 Transmutation                1
   *Sticks to Snakes                  Transmutation                2
   *Spider Form                       Transmutation/Poison         3
   Ice Form                           Ice/Transmutation            4
   Blade Hands                        Transmutation                5


   Skills:
 - Level 1.1 Fighting
 - Level 1.7 Dodging
 * Level 8.0 Unarmed Combat
 - Level 2.4 Spellcasting
 + Level 5.5 Transmutations


You had 4 spell levels left.
You knew the following spells:

 Your Spells              Type           Power        Failure   Level  Hunger
a - Beastly Appendage     Trmt           ###...       10%         1    #......
b - Sticks to Snakes      Trmt           ###.......   14%         2    ###....
c - Spider Form           Trmt/Pois      #.........   50%         3    ####...


Dungeon Overview and Level Annotations

Branches:
Dungeon (6/15)
 Temple: D:4-7

Altars:
Cheibriados
Nemelex Xobeh
Yredelemnul

Annotations:
D:3 Stendarr's ghost, average HEAE
D:4 Menkaure
D:6 Prince Ribbit


Message History

Prince Ribbit barely misses you.
You bite Prince Ribbit!
Prince Ribbit is severely wounded.
Prince Ribbit hits you.
Prince Ribbit momentarily phases out as your attack passes through him.
Prince Ribbit is severely wounded.
Prince Ribbit misses you.
You hit Prince Ribbit.
Prince Ribbit is severely wounded.
Prince Ribbit hits you!
Prince Ribbit momentarily phases out as your attack passes through him.
Prince Ribbit is almost dead.
Prince Ribbit misses you.
You hear a distant slurping noise.
Prince Ribbit momentarily phases out as your attack passes through him.
Prince Ribbit is almost dead.
Prince Ribbit hits you.
* * * LOW HITPOINT WARNING * * *
Prince Ribbit hits you!
You die...

#≈# ### .........
#######≈##≈≈≈## #.........
#..#...≈≈≈≈≈≈≈≈≈ +.........
#..#.#..####### #.z.......
#..#.#..# #....FJ...
#..#.#..########.#.........
#....#.................<.z.
##.####.########...........
#.......#.s<...#..#+#######
#..###..#F####.#
#..#....#.# #..#.#[##.#
#.oo.#.##.# #.####....# #.#
###### #.### #...#


You could see Prince Ribbit.

Vanquished Creatures
  Edmund (D:4)
  An orc warrior (D:6)
  Sigmund (D:5)
  A giant frog (D:5)
  A crimson imp (D:5)
  2 giant frog zombies (D:5)
  3 orc priests
  2 jellies (D:5)
  An orc wizard (D:5)
  A worker ant (D:5)
  A big fish (D:6)
  Jessica (D:3)
  Terence (D:2)
  6 adders
  4 gnolls (D:4)
  A giant mite (D:4)
  4 worms
  An iguana skeleton (D:3)
  An adder skeleton (D:5)
  6 giant geckos
  15 orcs
  4 giant cockroaches
  10 hobgoblins
  3 jackals (D:2)
  An ooze (D:5)
  3 quokkas
  A ball python (D:2)
  10 bats
  6 giant newts
  9 goblins
  19 kobolds
  An orc skeleton (D:3)
  9 rats
131 creatures vanquished.

Notes
Turn   | Place    | Note
--------------------------------------------------------------
     0 | D:1      | Kae, the Draconian Transmuter, began the quest for the Orb.
     0 | D:1      | Reached XP level 1. HP: 16/16 MP: 3/3
   303 | D:1      | Reached XP level 2. HP: 23/23 MP: 4/4
   899 | D:2      | Found a basalt altar of Yredelemnul.
   899 | D:2      | Found a snail-covered altar of Cheibriados.
   952 | D:2      | Noticed Terence
   978 | D:2      | Killed Terence
   978 | D:2      | Reached XP level 3. HP: 4/28 MP: 6/6
  1190 | D:2      | Reached skill level 4 in Unarmed Combat
  1685 | D:3      | Reached XP level 4. HP: 21/35 MP: 5/7
  2429 | D:3      | Noticed Stendarr's ghost (average HEAE)
  2912 | D:3      | Noticed Jessica
  2919 | D:3      | Killed Jessica
  3373 | D:3      | Reached skill level 5 in Unarmed Combat
  3373 | D:3      | Reached XP level 5. HP: 6/40 MP: 9/9
  3605 | D:3      | Learned a level 2 spell: Sticks to Snakes
  3609 | D:3      | Learned a level 3 spell: Spider Form
  3673 | D:4      | Noticed Menkaure
  4019 | D:4      | Noticed Edmund
  4056 | D:4      | Killed Edmund
  4056 | D:4      | Reached skill level 6 in Unarmed Combat
  4056 | D:4      | Reached XP level 6. HP: 10/47 MP: 5/10
  5396 | D:5      | Entered Level 5 of the Dungeon
  5794 | D:5      | Your scales start taking on a rich purple colour.
  5794 | D:5      | Reached XP level 7. HP: 45/52 MP: 10/12
  5873 | D:5      | Found a sparkling altar of Nemelex Xobeh.
  5898 | D:5      | Reached skill level 7 in Unarmed Combat
  6054 | D:5      | Noticed Sigmund
  6062 | D:5      | Killed Sigmund
  6062 | D:5      | Reached skill level 5 in Transmutations
  6800 | D:6      | Noticed Prince Ribbit
  6889 | D:6      | Reached skill level 8 in Unarmed Combat
  7104 | D:6      | Slain by Prince Ribbit

Action                   |  1- 3 |  4- 6 |  7- 9 || total
-------------------------+-------+-------+-------++-------
Melee: Unarmed           |   213 |   261 |    15 ||   489
       Flail             |       |    18 |   118 ||   136
       Falchion          |       |     3 |    34 ||    37
 Cast: Beastly Appendage |    10 |    23 |     7 ||    40
       Spider Form       |       |     2 |     2 ||     4
  Use: Potion            |     2 |     5 |     1 ||     8
       Scroll            |       |    14 |     1 ||    15
